 Dungeon Crawl Stone Soup version 0.30.0-19-g36f170ea60 (webtiles) character file.

Game seed: 5696569162139307201

19 Graphine the Ruffian (level 2, -3/25 HPs)
             Began as a Ghoul Reaver on May 28, 2023.
             Slain by an orc
             ... wielding a +0 trident
              (6 damage)
             ... on level 2 of the Dungeon.
             The game lasted 00:02:59 (560 turns).

Graphine the Ruffian (Ghoul Reaver)                  Turns: 560, Time: 00:03:00

Health: -3/25      AC:  6    Str: 15    XL:     2   Next: 75%
Magic:  4/4        EV: 10    Int:  8    God:
Gold:   47         SH:  0    Dex:  7    Spells: 4/5 levels left

rFire   . .          .
                       - Unarmed
rCold   + . .        (no shield)
rNeg    + + +        c - +1 ring mail
rPois   ∞            (no helmet)
rElec   .            (no cloak)
rCorr   .            (no gloves)
SInv    .            (no boots)
Will    .....        b - amulet of the acrobat Stlth
                     (no ring)
HPRegen 0.00/turn    (no ring)
MPRegen 0.09/turn

%: acrobat
@: weak-willed, inhibited regen
A: claws 1, cold resistance 1, negative energy resistance 3, inhibited
regeneration, torment resistance 2, devour on kill
a: no special abilities


You were on level 2 of the Dungeon.
You visited 1 branch of the dungeon, and saw 2 of its levels.

You collected 47 gold pieces.

Inventory:

Armour
 a - a +0 leather armour
 c - a +1 ring mail (worn)
Jewellery
 b - an amulet of the acrobat (around neck)
Potions
 e - a potion of lignification


   Skills:
 + Level 2.5 Fighting
 + Level 0.8 Armour
 - Level 1.7 Dodging
 - Level 3.2 Unarmed Combat
 + Level 2.0 Spellcasting
 - Level 2.4 Conjurations
 + Level 1.0 Necromancy


You had 4 spell levels left.
You knew the following spells:

 Your Spells              Type           Power      Damage    Failure   Level
a - Kiss of Death         Conj/Necr      12%        2d6       34%         1

Your spell library contained the following spells:

 Spells                   Type           Power      Damage    Failure   Level
 Momentum Strike          Conj/Tloc      4%         3d8       54%         2
 Hailstorm                Conj/Ice       2%         3d3       78%         3


Dungeon Overview and Level Annotations

Branches:
Dungeon (2/15)

Altars:


Innate Abilities, Weirdness & Mutations

You are immune to poison.
You have sharp fingernails.
Your flesh is cold resistant. (rC+)
You are immune to negative energy. (rN+++)
You do not regenerate when monsters are visible.
You are immune to unholy pain and torment.
You thrive by killing the living.


Message History

Aim: an orc, wielding a +0 hand axe (about 43% to evade your claws)
You closely miss the orc.
The orc hits you from afar with a +0 trident.
* * * LOW HITPOINT WARNING * * *
The orc misses you.
Attack: -) Claws
Press: ? - help, Dir - move target, f/p - orc
Aim: an orc, wielding a +0 hand axe (about 43% to evade your claws)
You claw the orc!
You kill the orc!
The orc hits you from afar with a +0 trident.
* * * LOW HITPOINT WARNING * * *
Your Necromancy skill increases to level 1!
The orc completely misses you.
You scratch the orc.
The orc is lightly wounded.
Attack: -) Claws
Press: ? - help, Dir - move target, f - orc
Aim: an orc, wielding a +0 trident (lightly wounded, about 43% to evade your claws)
You closely miss the orc.
The orc is lightly wounded.
The orc closely misses you.
Attack: -) Claws
Press: ? - help, Dir - move target, f/p - orc
Aim: an orc, wielding a +0 trident (lightly wounded, about 43% to evade your claws)
You scratch the orc.
The orc is moderately wounded.
The orc hits you but does no damage.
Attack: -) Claws
Press: ? - help, Dir - move target, f/p - orc
Aim: an orc, wielding a +0 trident (moderately wounded, about 43% to evade your claws)
Okay, then.
You aren't carrying any scrolls.
Attack: -) Claws
Press: ? - help, Dir - move target, f/p - orc
Aim: an orc, wielding a +0 trident (moderately wounded, about 43% to evade your claws)
You scratch the orc.
The orc is severely wounded.
The orc hits you with a +0 trident.
You die... #. .## ..... ##.#.. ..!.. #o.. #rg

#o# #o#
##@# #..#
##.## #..#
###.##
###...#
#...###
#.......##
#.......#


You could see 3 orcs, a hobgoblin and a rat.

Vanquished Creatures
  2 orcs (D:2)
  2 ball pythons
  2 endoplasms (D:1)
  A giant cockroach (D:1)
  2 goblins
  A hobgoblin (D:1)
  A quokka (D:1)
  2 bats (D:1)
  A frilled lizard (D:1)
14 creatures vanquished.

Notes
Turn   | Place    | Note
-------+----------+-------------------------------------------
     0 | D:1      | Graphine the Ghoul Reaver began the quest for the Orb.
     0 | D:1      | Reached XP level 1. HP: 17/17 MP: 2/2
   229 | D:1      | Reached XP level 2. HP: 22/25 MP: 3/3
   555 | D:2      | Reached skill level 1 in Necromancy
   560 | D:2      | Slain by an orc

Illustrated notes

Levels and vault maps discovered:
D:1:      dpeg_arrival_castle, layout_rooms
D:2:      layout_basic

Skill      XL: |  1  2 |
---------------+-------+-----
Spellcasting   | 2 |  2.0
Necromancy     | 1 |  1.0
Fighting       | |  2.5
Armour         | |  0.8
Dodging        | |  1.7
Unarmed Combat | |  3.2
Conjurations   | |  2.4

Action                     || total
---------------------------++-------
  Melee: Unarmed           ||    42
    Use: Scroll            ||     4
 Armour: Ring mail         ||    14
  Dodge: Dodged            ||    25
